 Dungeon Crawl Stone Soup version 0.28.0 (webtiles) character file.

Game seed: 4474337546574449174

677 arthad the Conjurer (level 7, -3/31 HPs)
             Began as a Felid Conjurer on Feb 17, 2022.
             Was an Initiate of Vehumet.
             Shot with an arrow by a centaur (13 damage)
             ... on level 5 of the Dungeon.
             The game lasted 00:35:42 (8742 turns).

arthad the Conjurer (Felid Conjurer)                Turns: 8742, Time: 00:35:43

Health: -3/31      AC:  2    Str:  9    XL:     7   Next: 33%
Magic:  10/15      EV: 19    Int: 22    God:    Vehumet [......]
Gold:   246        SH:  0    Dex: 14    Spells: 2/15 levels left
                                        Lives:  0   Deaths: 2

rFire   . . .      SeeInvis +     - Unarmed
rCold   . . .      Faith    .   (shield unavailable)
rNeg    . . .      Spirit   .   (armour unavailable)
rPois   .          Reflect  .   (helmet unavailable)
rElec   .          Harm     .   (cloak unavailable)
rCorr   .          Rampage  .   (gloves unavailable)
Will    +....                   (boots unavailable)
Stlth   +++.......              (no amulet)
HPRegen 0.10/turn               c - +6 ring of strength
MPRegen 0.14/turn               e - ring of flight

@: flying, quick
A: very small, claws 1, fangs 3, see invisible, speed 1, shaggy fur 2, stealthy
paws, no weapons or thrown items, no armour, multi-lived
a: Renounce Religion


You were on level 5 of the Dungeon.
You worshipped Vehumet.
Vehumet was noncommittal.
You visited 2 branches of the dungeon, and saw 6 of its levels.

You collected 246 gold pieces.

Inventory:

Jewellery
 c - a +6 ring of strength (left paw)
 e - a ring of flight (right paw)
Wands
 m - a wand of paralysis (9)
 o - a wand of flame (10)
Scrolls
 b - a scroll of fog
 d - 5 scrolls of identify {unknown}
 h - a scroll of magic mapping {unknown}
 i - a scroll of enchant armour {unknown}
 n - a scroll of fear {unknown}
 r - a scroll of noise {unknown}
 t - a scroll of teleportation {unknown}
Potions
 f - a potion of curing {unknown}
 g - a potion of invisibility
 j - 3 potions of heal wounds {unknown}
 k - a potion of berserk rage {unknown}
 l - a potion of mutation {unknown}
 p - a potion of ambrosia {unknown}
 q - a potion of brilliance {unknown}
 s - a potion of resistance {unknown}


   Skills:
 + Level 3.1 Fighting
 + Level 5.3 Dodging
 + Level 5.7 Stealth
 + Level 3.1 Unarmed Combat
 * Level 4.9 Spellcasting
 * Level 5.9 Conjurations
 + Level 0.8 Hexes
 + Level 0.6 Translocations
 + Level 0.2 Air Magic


You had 2 spell levels left.
You knew the following spells:

 Your Spells              Type           Power      Damage    Failure   Level
a - Magic Dart            Conj           100%       1d8       1%          1
b - Searing Ray           Conj           62%        2d6       1%          2
c - Shock                 Conj/Air       72%        1d7       3%          1
d - Iskenderun's Mystic   Conj/Tloc      19%        2d6       26%         4
e - Silence               Hex/Air        3%         N/A       93%         5

Your spell library contained the following spells:

 Spells                   Type           Power      Damage    Failure   Level
 Dazzling Flash           Conj/Hex       40%        N/A       8%          3
 Fulminant Prism          Conj/Hex       10%        3d9       26%         4
 Agony                    Necr           5%         N/A       96%         5
 Blade Hands              Tmut           2%         N/A       96%         5
 Portal Projectile        Hex/Tloc       Unusable   N/A       N/A         3
 Excruciating Wounds      Necr           Unusable   N/A       N/A         5

Dungeon Overview and Level Annotations

Branches:
Dungeon (5/15)             Temple (1/1) D:5

Altars:
Cheibriados
Dithmenos
Elyvilon
Fedhas
Gozag
Hepliaklqana
Kikubaaqudgha
Makhleb
Nemelex Xobeh
Qazlal
Sif Muna
Uskayaw
Vehumet
Wu Jian
Yredelemnul
Zin
The Shining One

Annotations:
D:3 2 transporters, Alacron's ghost, amateur TrBe; Sigmund
D:4 Pikel


Innate Abilities, Weirdness & Mutations

You have sharp claws.
You have razor-sharp teeth.
You have supernaturally acute eyesight. (SInv)
You cover ground quickly. (Speed+)
You are covered in thick fur. (AC +2)
Your paws help you pounce on unaware monsters.
You are incapable of wielding weapons or throwing items.
You cannot wear armour.
You gain extra lives every three experience levels.


Message History

There is an open door here.
Casting: Magic Dart (safe; 1% risk of failure)
Confirm with . or Enter, or press ? or * to list all spells.
Okay, then.
Casting: Magic Dart (safe; 1% risk of failure)
Confirm with . or Enter, or press ? or * to list all spells.
Okay, then.
Casting: Magic Dart (safe; 1% risk of failure)
Confirm with . or Enter, or press ? or * to list all spells.
Okay, then.
The centaur shouts!
The centaur wields a +0 shortbow.
The centaur shoots an arrow.
The arrow hits you!
Casting: Magic Dart (safe; 1% risk of failure)
Confirm with . or Enter, or press ? or * to list all spells.
Okay, then.
The centaur shoots an arrow.
The arrow misses you.
Casting: Magic Dart (safe; 1% risk of failure)
Confirm with . or Enter, or press ? or * to list all spells.
The spell is extremely dangerous to miscast (26% risk of failure)!
Continue anyway?
Okay, then.
Casting: Iskenderun's Mystic Blast (extremely dangerous; 26% risk of failure)
Confirm with . or Enter, or press ? or * to list all spells.
The spell is extremely dangerous to miscast (26% risk of failure)!
Continue anyway?
You erupt in a blast of force!
The mystic blast hits the centaur.
The centaur is moderately wounded.
The centaur is knocked back by the mystic blast.
Unknown command.
Aiming: Magic Dart (safe; 1% risk of failure)
Press: ? - help, Q - select action, (/) - cycle Shift-Dir - straight line, f - centaur
Aim: a centaur, wielding a +0 shortbow and quivering arrows (moderately wounded, 100% to hit)
The magic dart hits the centaur.
The centaur is moderately wounded.
The centaur shoots an arrow.
The arrow hits you!
The centaur shoots an arrow.
The arrow barely misses you.
Unknown command.
As you read the scroll labelled BARGHATS ATICED, it crumbles to dust.
The scroll dissolves into smoke.
It was a scroll of fog.
The centaur shoots an arrow.
The arrow hits you!
You die...

.........>..#
#................
....#########
#................
....#
#......#####.....
....#
######......#...#.....
....#
#...........#...#.....
....#
#...........#...'.....
....#
#...........##'##.....
....#
#..§§§......#...#.....
....#
#..c§@......#...#.....
#####
#..§§§......#...#.....
######......'...##'###
#......######....
#...[..# ##....
#......# #.....
#......# #.....
#......# #.....
#......# ######


You could see a centaur.

Vanquished Creatures
  Grinder (D:3)
  Prince Ribbit (D:5)
  2 black bears
  An ice beast (D:5)
  2 ogres
  2 lemures
  A wyvern zombie (D:5)
  A water moccasin skeleton (D:4)
  3 hounds
  Terence (D:2)
  2 hound zombies (D:5)
  3 gnolls (D:4)
  9 adders
  A white imp (D:4)
  2 dart slugs (D:4)
  3 orcs
  5 bats
  10 endoplasms
  5 giant cockroaches
  5 goblins
  12 hobgoblins
  11 jackals
  4 quokkas
  5 ball pythons
  3 frilled lizards
  A goblin skeleton (D:4)
  2 goblin zombies (D:4)
  2 hobgoblin zombies (D:4)
  A kobold (D:1)
  2 kobold skeletons (D:4)
  2 kobold zombies (D:4)
  8 rats
113 creatures vanquished.

Vanquished Creatures (others)
  A plant (D:1)
1 creature vanquished.

Grand Total: 114 creatures vanquished

Notes
Turn   | Place    | Note
-------+----------+-------------------------------------------
     0 | D:1      | arthad the Felid Conjurer began the quest for the Orb.
     0 | D:1      | Reached XP level 1. HP: 7/7 MP: 4/4
    55 | D:1      | Noticed a centaur
   662 | D:1      | Reached XP level 2. HP: 9/11 MP: 3/6
   731 | D:1      | Found a faded altar of an unknown god.
   769 | D:1      | Got Plato's Collected Works on Blows and Bruises
   773 | D:1      | Learned a level 2 spell: Searing Ray
   775 | D:1      | Learned a level 1 spell: Shock
  1297 | D:1      | Reached XP level 3. HP: 14/14 MP: 4/7
  2134 | D:2      | Noticed Terence
  2232 | D:2      | Killed Terence
  2233 | D:2      | Reached XP level 4. HP: 8/18 MP: 0/9
  2723 | D:2      | Found a white marble altar of Elyvilon.
  3129 | D:3      | Noticed a black bear
  3143 | D:3      | Reached skill level 1 in Unarmed Combat
  3201 | D:3      | Reached skill level 1 in Fighting
  3558 | D:3      | Reached XP level 5. HP: 22/22 MP: 1/10
  3800 | D:3      | Found a transporter.
  3800 | D:3      | Noticed Alacron's ghost (amateur TrBe)
  3835 | D:3      | Found a transporter.
  3837 | D:3      | Noticed a necrophage
  3993 | D:3      | Noticed Sigmund
  4059 | D:3      | Noticed Grinder
  4061 | D:3      | Slain by Grinder
  4062 | D:3      | Reached XP level 4. HP: 0/19 MP: 7/9
  4142 | D:4      | Noticed a lemure
  4142 | D:4      | Noticed a lemure
  4142 | D:4      | Noticed a lemure
  4789 | D:4      | Noticed an ogre
  4818 | D:4      | Found a glowing golden altar of the Shining One.
  4818 | D:4      | Noticed a necrophage
  5286 | D:4      | Reached XP level 5. HP: 20/22 MP: 2/10
  5498 | D:4      | Killed an ogre
  5525 | D:4      | Gained mutation: You are covered in thick fur. (AC +2)
                  | [Felid growth]
  5525 | D:4      | Reached XP level 6. HP: 11/26 MP: 0/12
  5713 | D:4      | Noticed Pikel
  6206 | D:3      | Killed Grinder
  6207 | D:3      | Reached skill level 5 in Conjurations
  6207 | D:3      | Reached XP level 7. HP: 13/30 MP: 3/14
  7158 | D:5      | Entered Level 5 of the Dungeon
  7173 | D:5      | Noticed Prince Ribbit
  7195 | D:5      | Killed Prince Ribbit
  7196 | D:5      | Reached skill level 5 in Stealth
  7424 | D:5      | Reached skill level 5 in Dodging
  7888 | D:5      | Found a staircase to the Ecumenical Temple.
  7893 | D:5      | Reached XP level 8. HP: 30/34 MP: 9/16
  7904 | Temple   | Entered the Ecumenical Temple
  8169 | Temple   | Became a worshipper of Vehumet
  8239 | D:5      | Learned a level 4 spell: Iskenderun's Mystic Blast
  8245 | D:5      | Learned a level 5 spell: Silence
  8448 | D:5      | Mangled by a wyvern zombie
  8449 | D:5      | Reached XP level 7. HP: -10/31 MP: 9/15
  8742 | D:5      | Shot with an arrow by a centaur

Illustrated notes

Levels and vault maps discovered:
D:1:      evilmike_arrival_come_back, layout_loops_ring,
          shapermc_ecumenical_altar_rom_forum
D:2:      layout_loops_ring, basic_altar, hangedman_decor_points,
          minmay_cut_off, uniq_terence
D:3:      minmay_recursive_quarters, layout_basic, gammafunk_ghost_mausoleum,
          uniq_grinder, uniq_sigmund
D:4:      layout_loops_ring, nicolae_tso_besieged_by_evil, uniq_pikel
D:5:      layout_gridville, minmay_temple_entry_enclosed_plants, serial_rivers,
          chequers_serial_rivers_large_a, chequers_serial_rivers_micro_c,
          chequers_serial_rivers_small_b, chequers_serial_rivers_room_b,
          uniq_prince_ribbit1
Temple:   eino_temple_rhombus

Skill      XL: |  1  2  3  4  5  6  7  8 |
---------------+-------------------------+-----
Stealth        | 3 4 5 |  5.7
Dodging        | 3 4 5 |  5.3
Conjurations   | 4 5 |  5.9
Unarmed Combat | 1 2 3 |  3.1
Fighting       | 1 2 3 |  3.1
Spellcasting   | 3 4 |  4.9
Hexes          | |  0.8
Translocations | |  0.6
Air Magic      | |  0.2

Action                   |  1- 3 |  4- 6 |  7- 9 || total
-------------------------+-------+-------+-------++-------
Melee: Unarmed           |    20 |    28 |     3 ||    51
       Punch             |     1 |     1 |       ||     2
       Bite              |     1 |     2 |       ||     3
 Cast: Magic Dart        |    87 |   131 |    76 ||   294
       Searing Ray       |     1 |     7 |     7 ||    15
       Iskenderun's Myst |       |       |     1 ||     1
       Shock             |       |       |     1 ||     1
Evoke: Wand              |       |     1 |     1 ||     2
  Use: Scroll            |       |       |     2 ||     2
 Stab: Paralysed         |       |     1 |     2 ||     3
Armor: Skin              |     1 |     6 |     2 ||     9
Dodge: Dodged            |    17 |    65 |    34 ||   116
